 Dungeon Crawl Stone Soup version 0.28.0 (webtiles) character file.

Game seed: 2896556985473159791

1611 GrayStillPlays the Skirmisher (level 8, -1/64 HPs)
             Began as a Demonspawn Fighter on Feb 13, 2022.
             Was a Follower of Okawaru.
             Slain by a vampire mosquito (2 damage)
             ... on level 6 of the Dungeon.
             The game lasted 00:10:16 (6313 turns).

GrayStillPlays the Skirmisher (Demonspawn Fighter)  Turns: 6313, Time: 00:10:16

Health: -1/64      AC: 13    Str: 19    XL:     8   Next: 63%
Magic:  6/8        EV: 14    Int:  9    God:    Okawaru [*.....]
Gold:   294        SH: 11    Dex: 13    Spells: 7/7 levels left

rFire   . . .      SeeInvis .   a - +0 war axe {axe}
rCold   . . .      Faith    .   s - +0 kite shield of Hubris {Will+ Regen+}
rNeg    . . .      Spirit   .   J - +0 steam dragon scales
rPois   .          Reflect  .   (no helmet)
rElec   .          Harm     .   u - +0 cloak
rCorr   .          Rampage  .   q - +0 pair of gloves
Will    +....                   z - +0 pair of boots
Stlth   +++.......              (no amulet)
HPRegen 1.00/turn               (no ring)
MPRegen 0.11/turn               (no ring)

@: heroic
A: slimy green scales 1, ignite blood 2, powered by pain 2
a: Renounce Religion, Heroism


You were on level 6 of the Dungeon.
You worshipped Okawaru.
Okawaru was aware of your devotion.
You visited 1 branch of the dungeon, and saw 6 of its levels.

You collected 294 gold pieces.


Innate Abilities, Weirdness & Mutations

You are partially covered in slimy green scales. (AC +2)
Your demonic aura often causes spilled blood to erupt in flames.
You sometimes gain power by taking damage.


   Skills:
 + Level 6.2(11.2) Fighting
 - Level 3.6(8.6) Axes
 + Level 5.6(10.6) Armour
 + Level 3.4(8.4) Dodging
 + Level 5.7(10.7) Shields


You had 7 spell levels left.
You didn't know any spells.
Your spell library contained the following spells:

 Spells                   Type           Power      Damage    Failure   Level
 Magic Dart               Conj           0%         1d3       65%         1
 Searing Ray              Conj           0%         2d4       78%         2
 Fulminant Prism          Conj/Hex       0%         3d6       100%        4

Inventory:

Hand Weapons
 a - a +0 war axe (weapon) {axe}
 i - a +2 dagger of speed {short}
   (You found it on level 1 of the Dungeon)
 m - a +2 dagger of chaos {short}
   (You took it off a crimson imp on level 3 of the Dungeon)
 r - the +4 short sword "Lioveh" {vorpal, Dex+3, short}
   (You found it on level 4 of the Dungeon)

   It inflicts extra damage upon your enemies.
   Dex:       It affects your dexterity (+3).
 H - the +8 hunting sling "Aboug" {vorpal, Fragile rN+ Stlth+, sling}
   (You found it on level 5 of the Dungeon)

   Any ammunition fired from it inflicts extra damage upon your enemies.
   rN:        It protects you from negative energy.
   Fragile:   It will be destroyed if unequipped.
   Stlth:     It makes you more stealthy.
Missiles
 g - 12 poisoned darts (quivered) {throwing}
 B - 4 atropa-tipped darts {throwing}
 G - a curare-tipped dart {=fthrowing}
Armour
 q - a +0 pair of gloves (worn)
   (You found it on level 4 of the Dungeon)
 s - the +0 kite shield of Hubris (worn) {Will+ Regen+}
   (You found it on level 4 of the Dungeon)

   Regen:     It increases your rate of health regeneration.
   Will:      It increases your willpower.
 u - a +0 cloak (worn)
   (You found it on level 4 of the Dungeon)
 z - a +0 pair of boots (worn)
   (You found it on level 4 of the Dungeon)
 J - +0 steam dragon scales (worn)
   (You found it on level 6 of the Dungeon)
Wands
 D - a wand of polymorph (3)
   (You found it on level 5 of the Dungeon)
 F - a wand of flame (4)
   (You took it off a kobold on level 5 of the Dungeon)
Scrolls
 j - a scroll of vulnerability {unknown}
 k - 2 scrolls of identify {unknown}
 l - 3 scrolls of teleportation {unknown}
 p - a scroll of blinking {unknown}
 v - a scroll of immolation {unknown}
 x - a scroll of noise {unknown}
 A - a scroll of acquirement {unknown}
Potions
 d - 2 potions of might
 n - a potion of flight {unknown}
 o - 2 potions of mutation {unknown}
 t - a potion of berserk rage {unknown}
 w - a potion of curing {unknown}
 C - a potion of brilliance {unknown}
 I - a potion of resistance {unknown}

Dungeon Overview and Level Annotations

Branches:
Dungeon (6/15)
 Temple: D:4-7

Altars:
Cheibriados
Dithmenos
Hepliaklqana
Okawaru
Uskayaw
Vehumet
Xom
Zin
Lugonu

Shops:
D:4 ?

Portals:
Abyss: D:1

.......+..........#####..#.....
.......#..........+......# ....
##^#####..........#......# ....
#.# ...####.....#..##..# ... ..
.... #.....#..##..### .. ....
#.....#####....# ..
#.....#..##....#
#...y.#........#
#...@†'........#
#...y.########## #........
#.......... .............
.............. ...............
...............


You could see 2 vampire mosquitoes.


Message History

There is an open door, spattered with blood here. 😮 HP[-3]
You take 3 damage, and now have 43/64 hp.
You hit the iguana but do no damage. You hit the vampire mosquito. x2
The vampire mosquito bites you.
The vampire mosquito draws strength from your injuries!
The vampire mosquito bites you.
The vampire mosquito draws strength from your injuries!
The vampire mosquito bites you but does no damage.
The iguana bites you but does no damage.
The vampire mosquito bites you.
The vampire mosquito draws strength from your injuries!
The vampire mosquito bites you but does no damage.
You block the iguana's attack. The vampire mosquito bites you.
The vampire mosquito draws strength from your injuries! 😮 HP[-8]
You take 8 damage, and now have 35/64 hp.
You barely miss the iguana. You hit the vampire mosquito.
You hit the vampire mosquito but do no damage.
You block the vampire mosquito's attack.
The vampire mosquito misses you.
The vampire mosquito closely misses you.
The vampire mosquito barely misses you.
The iguana bites you but does no damage.
The vampire mosquito bites you but does no damage.
You block the vampire mosquito's attack. 😮 HP[+2]
You regained 2 hp, and now have 37/64 hp.
You slash the iguana!
You kill the iguana!
Okawaru accepts your kill.
You hit the vampire mosquito but do no damage.
You miss the vampire mosquito. The vampire mosquito barely misses you.
The vampire mosquito closely misses you.
The vampire mosquito bites you but does no damage.
The vampire mosquito closely misses you. x2 😮 HP[+1]
You block the vampire mosquito's attack. x2
The vampire mosquito bites you but does no damage.
You see here an iguana corpse. 😮 HP[+1]
The vampire mosquito bites you!
* * * LOW HITPOINT WARNING * * *
The vampire mosquito draws strength from your injuries! 😨 HP[-8]
You take 8 damage, and now have 31/64 hp. 😨 HP[+1]
The vampire mosquito barely misses you. x2
You block the vampire mosquito's attack.
The vampire mosquito closely misses you. 😮 HP[+1]
You hit the vampire mosquito. You closely miss the vampire mosquito.
The vampire mosquito closely misses you.
The vampire mosquito bites you!
* * * LOW HITPOINT WARNING * * *
The vampire mosquito draws strength from your injuries!
The vampire mosquito bites you!
* * * LOW HITPOINT WARNING * * *
The vampire mosquito draws strength from your injuries!
The vampire mosquito bites you but does no damage.
The vampire mosquito bites you!
* * * LOW HITPOINT WARNING * * *
The vampire mosquito draws strength from your injuries!
The vampire mosquito closely misses you. 😱 HP[-24]
You take 24 damage, and now have 9/64 hp.
MASSIVE DAMAGE!! (PAUSE)
You gain the combat prowess of a mighty hero.
The vampire mosquito barely misses you.
The vampire mosquito bites you but does no damage.
You block the vampire mosquito's attack. x2 😱 HP[+1] MP[-2]
You lost 2 mp, and now have 6/8 mp.
You closely miss the vampire mosquito. You miss the vampire mosquito.
The vampire mosquito barely misses you.
You block the vampire mosquito's attack.
The vampire mosquito bites you but does no damage.
You block the vampire mosquito's attack. 😱 HP[+1] Unknown command.
You miss the vampire mosquito. You closely miss the vampire mosquito.
You block the vampire mosquito's attack.
The vampire mosquito barely misses you. The vampire mosquito bites you.
* * * LOW HITPOINT WARNING * * *
The vampire mosquito draws strength from your injuries!
You block the vampire mosquito's attack.
The vampire mosquito barely misses you. 😱 HP[-5]
You take 5 damage, and now have 6/64 hp.
You hit the vampire mosquito. x2; The vampire mosquito misses you. x2
You block the vampire mosquito's attack.
The vampire mosquito closely misses you. 😱 HP[+1]
You slash the vampire mosquito! You closely miss the vampire mosquito.
The vampire mosquito bites you but does no damage.
The vampire mosquito bites you!
* * * LOW HITPOINT WARNING * * *
The vampire mosquito draws strength from your injuries!
The vampire mosquito bites you.
You die...

Skill      XL: |  1  2  3  4  5  6  7  8 |
---------------+-------------------------+-----
Axes           | 2 3 |  3.6
Armour         | 3 4 5 |  5.6
Shields        | 3 4 5 |  5.7
Fighting       | 4 5 6 |  6.2
Dodging        | 2 3 |  3.4

Action                   |  1- 3 |  4- 6 |  7- 9 || total
-------------------------+-------+-------+-------++-------
Melee: War axe           |    79 |   158 |   121 ||   358
Throw: Dart              |       |       |     7 ||     7
Invok: Heroism           |       |       |     2 ||     2
Armor: Scale mail        |    65 |    71 |    57 ||   193
       Steam dragon scal |       |       |    19 ||    19
Dodge: Dodged            |    31 |    71 |    85 ||   187
Block: Buckler           |    18 |    32 |       ||    50
       Kite shield       |       |    22 |    94 ||   116

Levels and vault maps discovered:
D:1:      erik_arrival_cave_to_civilisation [erik_arrival_cave_to_temple],
          layout_basic, hellmonk_ecumenical_altar_pennies_from_heaven
D:2:      layout_basic
D:3:      layout_loops_corners, led_xom_imps, minivault_26
D:4:      layout_layer_cave, gammafunk_temple_overflow_wave, serial_rivers,
          chequers_serial_rivers_small_a, chequers_serial_rivers_room_a,
          chequers_serial_rivers_micro_b, chequers_serial_rivers_large_b,
          chequers_serial_rivers_room_b, serial_shops, shop_scrolls
D:5:      minmay_skewed_foursquare, layout_basic,
          mainiacjoe_overflow_six_doors_small, grunt_dithmenos_shadows,
          eat_drink_and_be_merry_uskayaw, vehumet_altar_wand_db,
          nicolae_overflow_crystal_walls, minmay_tree_intersection,
          uniq_sigmund, uniq_prince_ribbit1
D:6:      layout_gridville, kiku_gazebo_pond_becter,
          fedhas_bush_and_centaur_altar, makhleb_grotto_becter,
          nicolae_lava_and_water, minmay_joined_circles, uniq_blork_the_orc

Notes
Turn   | Place    | Note
-------+----------+-------------------------------------------
     0 | D:1      | GrayStillPlays the Demonspawn Fighter began the quest for
                  | the Orb.
     0 | D:1      | Reached XP level 1. HP: 18/18 MP: 1/1
     0 | D:1      | magus.rc [v1.9.6]
   171 | D:1      | Reached skill level 2 in Axes
   202 | D:1      | Gained mutation: You sometimes gain a little power by
                  | taking damage. [demonic ancestry]
   202 | D:1      | Reached XP level 2. HP: 24/24 MP: 2/2
   259 | D:1      | Found a faded altar of an unknown god.
   442 | D:1      | You pick up a book of Conjurations {@e2} and begin
                  | reading...
   442 | D:1      | You add the spells Magic Dart, Searing Ray and Fulminant
                  | Prism to your library.
   533 | D:1      | Reached skill level 3 in Armour
   533 | D:1      | Reached skill level 3 in Shields
   782 | D:1      | Found a one-way gate to the infinite horrors of the Abyss.
   782 | D:1      | Found a corrupted altar of Lugonu.
   782 | D:1      | Noticed a demonic crawler
   786 | D:1      | Gained mutation: You are partially covered in slimy green
                  | scales. (AC +2) [demonic ancestry]
   786 | D:1      | Reached XP level 3. HP: 24/29 MP: 3/3
  1268 | D:2      | Gained mutation: Your demonic aura sometimes causes spilled
                  | blood to erupt in flames. [demonic ancestry]
  1268 | D:2      | Reached XP level 4. HP: 28/35 MP: 4/4
  2124 | D:3      | Gained mutation: You sometimes gain power by taking damage.
                  | [demonic ancestry]
  2124 | D:3      | Reached XP level 5. HP: 35/42 MP: 5/5
  2203 | D:3      | Found a shimmering altar of Xom.
  2224 | D:3      | Reached skill level 4 in Fighting
  2235 | D:3      | Reached skill level 3 in Axes
  2245 | D:3      | Reached XP level 6. HP: 38/48 MP: 6/6
  3316 | D:4      | Identified the +4 short sword "Lioveh" {vorpal, Dex+3}
  3321 | D:4      | Identified the +0 kite shield of Hubris {Will+ Regen+}
  3486 | D:4      | Reached skill level 4 in Armour
  3486 | D:4      | Reached skill level 4 in Shields
  3648 | D:4      | Found an iron altar of Okawaru.
  3749 | D:4      | Became a worshipper of Warmaster Okawaru
  3831 | D:4      | Found Plog's Magic Scroll Boutique.
  3909 | D:4      | Gained mutation: Your demonic aura often causes spilled
                  | blood to erupt in flames. [demonic ancestry]
  3909 | D:4      | Reached XP level 7. HP: 55/55 MP: 7/7
  4635 | D:5      | Entered Level 5 of the Dungeon
  4747 | D:5      | Reached skill level 5 in Fighting
  4816 | D:5      | Reached skill level 1 in Dodging
  4842 | D:5      | Noticed Prince Ribbit
  4847 | D:5      | Killed Prince Ribbit
  4884 | D:5      | Reached * piety under Okawaru
  4885 | D:5      | Reached skill level 2 in Dodging
  4895 | D:5      | Noticed Sigmund
  5023 | D:4      | Killed Sigmund
  5024 | D:4      | Reached skill level 5 in Armour
  5024 | D:4      | Reached skill level 5 in Shields
  5024 | D:4      | Reached XP level 8. HP: 57/63 MP: 5/8
  5104 | D:5      | Found a hazy altar of Hepliaklqana.
  5472 | D:5      | Found a hide-covered altar of Uskayaw.
  5490 | D:5      | Reached skill level 6 in Fighting
  5490 | D:5      | Reached skill level 3 in Dodging
  5539 | D:5      | Identified the +8 hunting sling "Aboug" {vorpal, Fragile
                  | rN+ Stlth+}
  5588 | D:5      | Found a shadowy altar of Dithmenos.
  5632 | D:5      | Found a snail-covered altar of Cheibriados.
  5720 | D:5      | Found a radiant altar of Vehumet.
  6142 | D:6      | HP: 14/64 [electric eel/bolt of electricity (5)]
  6308 | D:6      | HP: 9/64 [vampire mosquito (8)]
  6313 | D:6      | HP: 1/64 [vampire mosquito (7)]
  6313 | D:6      | Slain by a vampire mosquito

Vanquished Creatures
  Prince Ribbit (D:5)
  Sigmund (D:4)
  A steam dragon (D:6)
  A hornet zombie (D:5)
  An ogre (D:5)
  A kobold brigand (D:5)
  A bullfrog (D:4)
  4 scorpions
  A howler monkey (D:5)
  4 crimson imps (D:3)
  4 hounds (D:5)
  A centaur skeleton (D:2)
  2 iguanas
  A hound zombie (D:5)
  3 gnolls (D:2)
  9 adders
  A shadow imp (D:5)
  An ufetubus (D:5)
  2 adder skeletons (D:5)
  4 dart slugs
  7 orcs
  7 ball pythons
  4 endoplasms
  4 giant cockroaches
  5 goblins
  5 hobgoblins
  4 jackals (D:3)
  9 kobolds
  A quokka (D:4)
  4 bats
  4 frilled lizards (D:1)
  4 rats (D:1)
102 creatures vanquished.

Table legend:
 A = Non-vault XP
 B = Vault XP
 C = Vault XP percentage of total XP
 D = Non-vault monster count
 E = Vault monster count
 F = Vault count percentage of total count
                 A         B        C        D         E       F
            +---------+---------+-------+---------+---------+-------
      Total |    1519 |     783 |  34.0 |      88 |      14 |  13.7
            +---------+---------+-------+---------+---------+-------
        D:1 |      39 |       2 |   4.9 |      23 |       2 |   8.0
        D:2 |      94 |       0 |   0.0 |       9 |       0 |   0.0
        D:3 |     109 |     200 |  64.7 |      24 |       4 |  14.3
        D:4 |     315 |     206 |  39.5 |      14 |       1 |   6.7
        D:5 |     716 |     375 |  34.4 |      15 |       7 |  31.8
        D:6 |     246 |       0 |   0.0 |       3 |       0 |   0.0
            +---------+---------+-------+---------+---------+-------

Illustrated notes

Table legend:
 A = Kills in this place as a percentage of kills in entire the game.
 B = Kills by you in this place as a percentage of kills by you in the entire game.
 C = Kills by friends in this place as a percentage of kills by friends in the entire game.
 D = Other kills in this place as a percentage of other kills in the entire game.
 E = Experience gained in this place as a percentage of experience gained in the entire game.
 F = Experience gained in this place divided by the number of levels of this place that you have seen.
                   A       B       C       D       E      F
               +-------+-------+-------+-------+-------+----------------------
         Total | 100.0 | 100.0 |   N/A |   N/A | 100.0 | 383.7
       Dungeon | 100.0 | 100.0 |   N/A |   N/A | 100.0 | 383.7
               +-------+-------+-------+-------+-------+----------------------

Table legend: (Time is in decaauts)
 A = Elapsed time spent in this place.
 B = Non-inter-level travel time spent in this place.
 C = Inter-level travel time spent in this place.
 D = Time resting spent in this place.
 E = Time spent auto-exploring this place.
 F = Levels seen in this place.
 G = Mean time per level.
                   A        B        C        D        E       F      G
               +--------+--------+--------+--------+--------+-----+--------+
         Total |   6515 |   6292 |    223 |    277 |   4892 |   6 | 1085.8 |
       Dungeon |   6515 |   6292 |    223 |    277 |   4892 |   6 | 1085.8 |
               +--------+--------+--------+--------+--------+-----+--------+

Top non-repeatable levels by time:
     D:4: 1685 daAuts
     D:3: 1344 daAuts
     D:5: 1262 daAuts
     D:1: 949 daAuts
     D:2: 873 daAuts
     D:6: 400 daAuts
